 Dungeon Crawl Stone Soup version 0.26.0-10-g1f06aea511 (webtiles) character file.

Game seed: 16700021050684845110

448 Borgoz the Slasher (level 7, -2/58 HPs)
             Began as a Ghoul Gladiator on Jan 18, 2021.
             Slain by an adder zombie (3 damage)
             ... in an ossuary.
             The game lasted 00:04:45 (4325 turns).

Borgoz the Slasher (Ghoul Gladiator)                Turns: 4325, Time: 00:04:46

Health: -2/58      AC:  4    Str: 18    XL:     7   Next: 4%
Magic:  6/6        EV: 13    Int:  3    God:
Gold:   152        SH:  0    Dex: 12    Spells: 6/6 levels left

rFire    . . .     SeeInvis .   a - +0 long sword
rCold    + . .     Faith    .   (no shield)
rNeg     + + +     Spirit   .   b - +0 leather armour
rPois    ∞         Reflect  .   c - +0 helmet
rElec    .         Harm     .   (no cloak)
rCorr    .         Rampage  .   (no gloves)
Will     .....                  (no boots)
Stlth    ++........             (no amulet)
HPRegen  0.00/turn              l - ring of stealth
MPRegen  0.10/turn              (no ring)

@: no status effects
A: claws 1, cold resistance 1, negative energy resistance 3, inhibited
regeneration, torment resistance, unbreathing
a: no special abilities


You were in an ossuary.
You visited 1 branch of the dungeon, and saw 4 of its levels.
You also visited: Ossuary.

You collected 152 gold pieces.

Inventory:

Hand Weapons
 a - a +0 long sword (weapon)
Missiles
 d - 3 throwing nets (quivered)
Armour
 b - a +0 leather armour (worn)
 c - a +0 helmet (worn)
Jewellery
 l - a ring of stealth (left claw)
Scrolls
 e - 6 scrolls of teleportation
 f - 2 scrolls of remove curse
Potions
 k - 2 potions of flight


   Skills:
 + Level 3.7 Fighting
 * Level 4.5 Long Blades
 - Level 1.7 Throwing
 + Level 2.3 Armour
 * Level 4.5 Dodging


You had 6 spell levels left.
You didn't know any spells.
Your spell library was empty.

Dungeon Overview and Level Annotations

Branches:
Dungeon (4/15)            Ossuary (1/1)
 Temple: D:4-7

Altars:
Cheibriados

Annotations:
D:2 Sigmund


Innate Abilities, Weirdness & Mutations

You thrive by killing the living.
You are immune to poison.
You have sharp fingernails.
Your flesh is cold resistant. (rC+)
You are immune to negative energy. (rN+++)
You do not regenerate when monsters are visible.
You are immune to unholy pain and torment.
You can survive without breathing.


Message History

The adder zombie is heavily damaged.
The adder zombie barely misses you.
The adder zombie bites you but does no damage.
Your leather armour prevents you from hitting the adder zombie.
The adder zombie is heavily damaged.
The adder zombie bites you.
* * * LOW HITPOINT WARNING * * *
You hit the adder zombie.
The adder zombie is severely damaged.
The adder zombie bites you.
* * * LOW HITPOINT WARNING * * *
You closely miss the adder zombie.
The adder zombie is severely damaged.
The adder zombie bites you but does no damage.
You closely miss the adder zombie.
The adder zombie is severely damaged.
The adder zombie bites you.
* * * LOW HITPOINT WARNING * * *
The adder zombie bites you.
You die...

#....................#
#....................#
#........8..8........#
#.....Z..............#
#...######Z.######...#
#...# #..#....#...#
#..Z# #..#..#.#...#
#...#.####Z.####.#...#
#..Z#...@ZZ......#...#
#...#.####.......#...#
#...# #.......#...#
#...# #.......#...#
#...# #.∩.....#...#
#...# .......'####...#
#...# ####Z..#. #Z..#
#...# #...#.. #...#
#...##############...#


You could see an adder zombie, a kobold zombie and a human zombie.

Vanquished Creatures
  2 elf zombies (Ossuary)
  2 centaur zombies (Ossuary)
  A human zombie (Ossuary)
  Jessica (D:3)
  A big kobold zombie (Ossuary)
  2 mummies (Ossuary)
  6 adders
  An adder skeleton (D:3)
  4 worms
  A leopard gecko (D:3)
  An orc (D:3)
  7 bats
  3 giant cockroaches (D:3)
  9 goblins
  9 hobgoblins
  10 kobolds
  2 quokkas
  5 frilled lizards
  6 hobgoblin zombies (Ossuary)
  A jackal zombie (Ossuary)
  8 kobold zombies (Ossuary)
  12 orc zombies (Ossuary)
  A rat (D:1)
95 creatures vanquished.

Notes
Turn   | Place    | Note
-------+----------+-------------------------------------------
     0 | D:1      | Borgoz the Ghoul Gladiator began the quest for the Orb.
     0 | D:1      | Reached XP level 1. HP: 17/17 MP: 0/0
   411 | D:1      | Reached XP level 2. HP: 8/25 MP: 1/1
  1494 | D:2      | Reached XP level 3. HP: 28/30 MP: 2/2
  1624 | D:2      | Noticed Sigmund
  2068 | D:2      | Reached skill level 1 in Armour
  2223 | D:3      | Reached XP level 4. HP: 33/37 MP: 3/3
  2288 | D:3      | Noticed Jessica
  2293 | D:3      | Killed Jessica
  2536 | D:3      | Reached XP level 5. HP: 41/44 MP: 4/4
  3397 | D:4      | Found a snail-covered altar of Cheibriados.
  3443 | D:4      | Found a sand-covered staircase.
  3448 | Ossuary  | Entered an ossuary
  3744 | Ossuary  | Reached XP level 6. HP: 26/51 MP: 5/5
  4240 | Ossuary  | Reached XP level 7. HP: 8/58 MP: 6/6
  4325 | Ossuary  | HP: 1/58 [adder zombie (3)]
  4325 | Ossuary  | Slain by an adder zombie

Illustrated notes

Levels and vault maps discovered:
D:1:      noname_arrival_rooms_in_the_neighbourhood, layout_loops_ring,
          roderic_lattice_a
D:2:      layout_loops_corners, minitemple, grunt_temple_overflow_open,
          uniq_sigmund
D:3:      layout_basic, grunt_decor_mini_mirrors, hex_medium,
          kennysheep_minor_cross, uniq_jessica
D:4:      layout_gridville, cheibriados_altar_1, enter_ossuary_2,
          minmay_strange_pillars, uniq_natasha
Ossuary:  ossuary_tomb_1

Skill      XL: |  1  2  3  4  5  6 |
---------------+-------------------+-----
Long Blades    | 3 4 |  4.5
Dodging        | 3 4 |  4.5
Armour         | 1 2 |  2.3
Fighting       | 3 |  3.7
Throwing       | |  1.7

Action                   |  1- 3 |  4- 6 |  7- 9 || total
-------------------------+-------+-------+-------++-------
Melee: Long sword        |   129 |   242 |    17 ||   388
Throw: Throwing net      |     5 |       |       ||     5
  Use: Scroll            |     1 |     5 |       ||     6
       Potion            |       |     5 |     1 ||     6
 Stab: Sleeping          |       |     1 |       ||     1
Armor: Leather armour    |    33 |    57 |     8 ||    98
Dodge: Dodged            |   101 |   203 |    13 ||   317
       Rpst.: Long sword |    29 |    71 |     3 ||   103
